 Dungeon Crawl Stone Soup version 0.29-a0-337-g68df138881 (webtiles) character file.

Game seed: 17346570038571107788

1077 spaghetti the Conjurer (level 8, -5/42 (46) HPs)
             Began as an Octopode Conjurer on Apr 16, 2022.
             Was an Initiate of Qazlal.
             Slain by Sigmund
             ... wielding a +0 scythe
              (9 damage)
             ... on level 6 of the Dungeon.
             The game lasted 00:14:15 (7835 turns).

spaghetti the Conjurer (Octopode Conjurer)          Turns: 7835, Time: 00:14:16

HP:   -5/42 (46)    AC:  1    Str:  7    XL:     8   Next: 29%
MP:   2/15          EV: 13    Int: 22    God:    Qazlal [......]
Gold: 214           SH:  0    Dex: 10    Spells: 4/16 levels left

rFire   . . .      SeeInvis .   p - staff of air {!astaff}
rCold   . . .      Faith    .   d - orb {*channel}
rNeg    . . .      Spirit   .   (helmet restricted)
rPois   .          Reflect  .   (no amulet)
rElec   +          Harm     .   (no ring)
rCorr   .          Rampage  .   (no ring)
Will    .....                   (no ring)
Stlth   +++.......              (no ring)
HPRegen 0.14/turn               (no ring)
MPRegen 0.14/turn               (no ring)
                                (no ring)
                                (no ring)

@: hasted, drained, very quick
A: almost no armour, amphibious, 8 rings, camouflage 1, gelatinous body 1,
(nimble swimmer 1), tentacles
a: Renounce Religion


You were on level 6 of the Dungeon.
You worshipped Qazlal.
Qazlal was noncommittal.
You visited 2 branches of the dungeon, and saw 8 of its levels.

You collected 214 gold pieces.


Innate Abilities, Weirdness & Mutations

You cannot wear most types of armour.
You are amphibious.
You can wear up to eight rings at the same time.
Your skin changes colour to match your surroundings (Stealth+).
Your rubbery body absorbs attacks. (AC +1, EV +1)
((You are camouflaged when in or above water. (Stealth+)))
You have tentacles for arms and can constrict up to eight enemies at once.


   Skills:
 - Level 2.0 Dodging
 - Level 2.6 Stealth
 * Level 4.7 Spellcasting
 * Level 7.0 Conjurations
 + Level 2.4 Air Magic
 + Level 2.6 Poison Magic
 * Level 4.6 Evocations


You had 4 spell levels left.
You knew the following spells:

 Your Spells              Type           Power      Damage    Failure   Level
a - Magic Dart            Conj           100%       1d8       1%          1
b - Searing Ray           Conj           72%        2d7       1%          2
c - Dazzling Flash        Conj/Hex       40%        N/A       8%          3
d - Mephitic Cloud        Conj/Pois/Air  34%        N/A       6%          3
e - Ignite Poison         Fire/Tmut/Pois 9%         N/A       22%         3

Your spell library contained the following spells:

 Spells                   Type           Power      Damage    Failure   Level
 Swiftness                Air            23%        N/A       12%         3
 Ensorcelled Hibernation  Hex/Ice        10%        N/A       16%         2
 Passwall                 Tmut/Erth      4%         N/A       16%         2
 Fulminant Prism          Conj/Hex       10%        3d9       24%         4
 Iskenderun's Mystic Bla  Conj/Tloc      20%        2d6       24%         4
 Call Canine Familiar     Summ           5%         N/A       30%         3
 Portal Projectile        Hex/Tloc       10%        N/A       30%         3
 Leda's Liquefaction      Hex/Erth       2%         N/A       71%         4
 Freezing Cloud           Conj/Ice/Air   14%        6-21      61%         5

Inventory:

Hand Weapons
 e - a +1 vampiric short sword {short}
   (You took it off an orc on level 5 of the Dungeon)
 f - a +0 trident of venom {polearm}
   (You took it off Robin on level 1 of the Dungeon)
 v - a +0 hand axe of venom {axe}
   (You found it on level 5 of the Dungeon)
Missiles
 b - 75 stones {throwing}
 j - 3 javelins {throwing}
 r - 4 boomerangs {throwing}
 u - 5 poisoned darts {throwing}
Armour
 d - an orb of energy (worn)
   (You took it off a kobold on level 2 of the Dungeon)
Magical Staves
 p - a staff of air (weapon) {!astaff}
   (You found it on level 3 of the Dungeon)
Wands
 m - a wand of digging (2)
   (You found it on level 5 of the Dungeon)
 n - a wand of polymorph (13)
   (You took it off Jessica on level 2 of the Dungeon)
Scrolls
 c - 2 scrolls of fear {unknown}
 i - 4 scrolls of identify {unknown}
 l - 3 scrolls of teleportation {unknown}
 q - a scroll of magic mapping {unknown}
 t - a scroll of blinking {unknown}
Potions
 h - 2 potions of mutation {unknown}
 k - 2 potions of berserk rage {unknown}
 o - 2 potions of attraction {unknown}
 s - a potion of resistance {unknown}
 w - a potion of invisibility {unknown}
 x - a potion of flight {unknown}

Dungeon Overview and Level Annotations

Branches:
Dungeon (7/15)             Temple (1/1) D:5

Altars:
Cheibriados
Elyvilon
Fedhas
Gozag
Hepliaklqana
Makhleb
Okawaru
Qazlal
Ru
Sif Muna
Uskayaw
Wu Jian
Yredelemnul
Zin

Shops:
D:2 ([(

Annotations:
D:6 Sigmund

#.../##.#.
#>.......!
#.†....{#
######.#######
#g...n........
#z############ #{#
#n# #@# #.#
#############
#.##♣P♣P♣P8P♣P♣P♣#
#.................
####♣P♣P♣P8P♣P♣P♣#
##############
#..... ##'#'#
#.#.#


You could see a necrophage, a wight and a gnoll.


Message History

A wight comes into view.
It is wielding a +0 long sword. 😎 MP[-3]
You lost 3 mp, and now have 11/14 mp.
Casting: Mephitic Cloud (dangerous; 6% risk of failure)
Confirm with . or Enter, or press ? or * to list all spells.
Aiming: Mephitic Cloud (dangerous; 6% risk of failure)
Press: ? - help, Shift-Dir - straight line You feel a surge of power!
The ball explodes into a vile cloud!
The gnoll shouts!
You hear a shout!
Sigmund the Dreaded comes into view.
He is wielding a +0 scythe. 😎 MP[-3]
You lost 3 mp, and now have 8/14 mp.
Casting: Mephitic Cloud (dangerous; 6% risk of failure)
Confirm with . or Enter, or press ? or * to list all spells.
Aiming: Mephitic Cloud (dangerous; 6% risk of failure)
Press: ? - help, Shift-Dir - straight line You feel a surge of power!
The ball explodes into a vile cloud!
The stinking cloud engulfs the gnoll but does no damage.
The stinking cloud engulfs the wight but does no damage.
You hear a shout!
The gnoll is engulfed in noxious fumes.
The gnoll appears confused.
A gnoll sergeant comes into view. It is wielding a +0 spear. 😎 MP[-3]
You lost 3 mp, and now have 5/14 mp.
Casting: Mephitic Cloud (dangerous; 6% risk of failure)
Confirm with . or Enter, or press ? or * to list all spells.
The spell is quite dangerous to miscast (22% risk of failure)!
Continue anyway?
You ignite the poison in your surroundings!
The gnoll is engulfed in blazing flames.
You kill the gnoll!
Qazlal accepts your kill.
The wight is engulfed in blazing flames. x2
Sigmund says, "Your kind have come here before.
I understand now why.
You desire death..." 😎 MP[-3]
You lost 3 mp, and now have 2/14 mp.
A necrophage and a gnoll come into view.
The gnoll shouts!
The wight is engulfed in blazing flames.
You destroy the wight!
Qazlal accepts your kill.
The wight is engulfed in blazing flames.
You destroy the wight!
Qazlal accepts your kill.
A wight comes into view. It is wielding a +0 falchion.
Sigmund mumbles some strange words.
Sigmund flickers and vanishes!
Deactivating autopickup; reactivate with Ctrl-A.
The gnoll moves out of view.
Your Conjurations skill increases to level 7! 😎 MP[+1] 😎 MP[+1]
Casting: Ignite Poison (quite dangerous; 22% risk of failure)
Confirm with . or Enter, or press ? or * to list all spells.
Aiming: Mephitic Cloud (dangerous; 6% risk of failure)
Press: ? - help, Shift-Dir - straight line You feel a surge of power!
The ball explodes into a vile cloud!
The stinking cloud engulfs the necrophage but does no damage. 😎 MP[-3]
You lost 3 mp, and now have 1/15 mp.
You closely miss the necrophage. Your grab misses the necrophage.
Your squeeze misses the necrophage. The necrophage barely misses you.
You hit the necrophage but do no damage.
Your grab misses the necrophage. The necrophage completely misses you.
You hit the necrophage.
The necrophage is electrocuted.
Your grab misses the necrophage. The necrophage hits you.
You feel drained. 😕 HP[-7]
You now have 44 max hp (-2).
You take 7 damage, and now have 39/44 hp.
Unknown command.
Unknown command.
You barely miss the necrophage. You grab the necrophage.
You constrict the necrophage. The necrophage hits you. 😮 HP[-6]
You take 6 damage, and now have 33/44 hp.
You hit the necrophage but do no damage.
You squeeze the necrophage.
You constrict the necrophage, but do no damage.
Something hits you! The necrophage hits you.
* * * LOW HITPOINT WARNING * * *
The necrophage hits you!
* * * LOW HITPOINT WARNING * * *
You feel drained.
* * * LOW HITPOINT WARNING * * *
😱 HP[-25] MP[+1]
You now have 42 max hp (-2).
You take 25 damage, and now have 8/42 hp.
MASSIVE DAMAGE!! (PAUSE)
Okay, then.
You feel better.
You constrict the necrophage, but do no damage.
Something hits you!
* * * LOW HITPOINT WARNING * * *
The necrophage barely misses you. 😱 HP[-4]
You take 4 damage, and now have 4/42 hp.
You feel yourself speed up.
You constrict the necrophage, but do no damage.
Something hits you!
You die...

Skill      XL: |  1  2  3  4  5  6  7  8 |
---------------+-------------------------+-----
Conjurations   | 5 6 7 |  7.0
Evocations     | 1 2 3 4 |  4.6
Spellcasting   | 3 4 |  4.7
Air Magic      | 1 2 |  2.4
Poison Magic   | 1 2 |  2.6
Dodging        | |  2.0
Stealth        | |  2.6

Action                   |  1- 3 |  4- 6 |  7- 9 || total
-------------------------+-------+-------+-------++-------
Melee: Unarmed           |     9 |       |       ||     9
       Constrict         |     5 |     1 |     6 ||    12
       Club              |     5 |       |       ||     5
       Tentacles         |     4 |     1 |     4 ||     9
       Trident           |     3 |     4 |       ||     7
       Short sword       |     2 |       |       ||     2
       Dagger            |     1 |       |       ||     1
       Punch             |     1 |       |       ||     1
       Staff             |       |     7 |    17 ||    24
 Cast: Magic Dart        |    49 |   107 |    50 ||   206
       Searing Ray       |     3 |    16 |       ||    19
       Dazzling Flash    |     2 |       |     1 ||     3
       Mephitic Cloud    |       |       |    10 ||    10
       Ignite Poison     |       |       |     6 ||     6
  Use: Potion            |     2 |     5 |     2 ||     9
       Scroll            |     1 |       |       ||     1
 Stab: Confused          |       |       |     1 ||     1
Armor: Skin              |     5 |     8 |       ||    13
Dodge: Dodged            |    19 |    17 |    13 ||    49

Levels and vault maps discovered:
D:1:      erik_arrival_orb_chamber, layout_rooms,
          shapermc_ecumenical_altar_flowoftime, chequers_big_river,
          dk_noncrumbling_4, moated_statue, minmay_misc_feat_doors,
          minivault_14, chequers_jeans
D:2:      layout_basic, serial_shops, shop, nicolae_shop_bloodbath_and_beyond,
          nicolae_shop_advertising_works [nicolae_subvault_shop_adworks],
          uniq_jessica, uniq_robin, uniq_natasha
D:3:      layout_loops_ring, serial_rivers, chequers_serial_rivers_room_a,
          chequers_serial_rivers_micro_e, chequers_serial_rivers_large_a,
          chequers_serial_rivers_micro_e, chequers_serial_rivers_micro_a,
          roderic_serpentine_path, wad_floor_pattern_untrapped
D:4:      layout_loops_corners, mainiacjoe_overflow_boulevard,
          trog_butcher_becter, uniq_crazy_yiuf_cottage, uniq_blork_the_orc,
          uniq_pargi, uniq_grinder
D:5:      layout_loops_ring, lemuel_tele_altar, lemuel_temple_firewalk_b
D:6:      layout_basic, dreamdust_princess_corridor, uniq_sigmund
D:7:      layout_loops_cross, grunt_ashenzari_visionary
          [grunt_ashenzari_visionary_shoals, grunt_ashenzari_visionary_spider],
          nicolae_kikubaaqudgha_miasma_corner, columned_hall_lemuel
Temple:   nicolae_temple_figure_eight

Notes
Turn   | Place    | Note
-------+----------+-------------------------------------------
     0 | D:1      | spaghetti the Octopode Conjurer began the quest for the
                  | Orb.
     0 | D:1      | Reached XP level 1. HP: 11/11 MP: 3/3
     0 | D:1      | magus.rc [v1.9.6]
   201 | D:1      | Reached XP level 2. HP: 15/17 MP: 0/5
   572 | D:1      | Reached XP level 3. HP: 21/21 MP: 2/6
   633 | D:1      | Reached skill level 5 in Conjurations
   734 | D:1      | You add the spells Ignite Poison, Mephitic Cloud and
                  | Freezing Cloud to your library.
   843 | D:1      | Found a faded altar of an unknown god.
  1315 | D:2      | Learned a level 2 spell: Searing Ray
  1319 | D:2      | Learned a level 3 spell: Dazzling Flash
  1320 | D:2      | Noticed Robin
  1422 | D:1      | HP: 4/21 [Robin/+0 trident of venom (6)]
  1429 | D:1      | HP: 5/21 [poisoned by Robin]
  1432 | D:1      | HP: 2/21 [poisoned by Robin]
  1757 | D:1      | Killed Robin
  2056 | D:2      | Reached XP level 4. HP: 23/27 MP: 4/7
  2219 | D:2      | Found Baet's Armour Boutique.
  2231 | D:2      | Found Yffugomi's Weapon Boutique.
  2411 | D:2      | Noticed Natasha
  2417 | D:2      | Killed Natasha
  2731 | D:2      | Reached skill level 1 in Evocations
  2732 | D:2      | Noticed Natasha
  2740 | D:2      | HP: 6/27 [Natasha/magic dart (8)]
  2976 | D:3      | You pick up a book of the Hunter and begin reading...
  2976 | D:3      | You add the spells Call Canine Familiar, Portal Projectile
                  | and Leda's Liquefaction to your library.
  2993 | D:2      | Killed Natasha
  2994 | D:2      | Reached XP level 5. HP: 31/31 MP: 1/9
  3311 | D:2      | Noticed Jessica
  3314 | D:2      | Killed Jessica
  3410 | D:2      | Found Oratizul's Antique Weapon Emporium.
  3458 | D:2      | Noticed Natasha
  3461 | D:2      | Killed Natasha
  3462 | D:2      | Reached skill level 3 in Spellcasting
  3462 | D:2      | Reached skill level 2 in Evocations
  3758 | D:3      | Learned a level 3 spell: Mephitic Cloud
  4003 | D:3      | You pick up a book of Burglary and begin reading...
  4003 | D:3      | You add the spells Passwall, Ensorcelled Hibernation and
                  | Swiftness to your library.
  4140 | D:3      | Reached XP level 6. HP: 36/36 MP: 6/10
  4182 | D:3      | Identified the +1 leather armour of the Hanged Man {+Blink
                  | rN+}
  4884 | D:4      | You fall into a shaft and drop 3 floors!
  4894 | D:7      | Noticed an orc warrior
  4918 | D:7      | Reached skill level 6 in Conjurations
  4918 | D:7      | HP: 9/36 [gnoll/+0 spear (7)]
  5215 | D:6      | Reached skill level 1 in Air Magic
  5231 | D:5      | Entered Level 5 of the Dungeon
  5361 | D:5      | Learned a level 3 spell: Ignite Poison
  5428 | D:5      | Reached skill level 1 in Poison Magic
  5428 | D:5      | Reached skill level 3 in Evocations
  5768 | D:5      | Reached XP level 7. HP: 25/41 MP: 7/12
  6002 | D:5      | Found a white marble altar of Elyvilon.
  6193 | D:5      | Found a staircase to the Ecumenical Temple.
  6202 | Temple   | Entered the Ecumenical Temple
  6413 | Temple   | Became a worshipper of Qazlal Stormbringer
  6490 | D:5      | Reached skill level 4 in Spellcasting
  7067 | D:6      | Reached skill level 2 in Poison Magic
  7093 | D:6      | Reached skill level 4 in Evocations
  7095 | D:6      | Reached skill level 2 in Air Magic
  7420 | D:6      | Reached XP level 8. HP: 33/46 MP: 7/14
  7814 | D:6      | Noticed Sigmund
  7818 | D:6      | Reached skill level 7 in Conjurations
  7833 | D:6      | HP: 11/44 [necrophage (8)]
  7834 | D:6      | HP: 4/42 [something (12)]
  7835 | D:6      | Slain by Sigmund

Vanquished Creatures
  A sky beast (D:5)
  A centaur (D:6)
  A phantom (D:5)
  2 necrophages (D:6)
  2 wights (D:6)
  A hound (D:5)
  5 orc priests
  A jelly (D:6)
  Jessica (D:2)
  Natasha (thrice) (D:2)
  2 orc wizards
  Robin (D:1)
  5 gnolls
  7 adders
  A shadow imp (D:5)
  An ufetubus (D:4)
  A worm (D:2)
  3 dart slugs
  14 orcs
  5 bats
  4 endoplasms
  3 giant cockroaches
  12 goblins
  9 hobgoblins
  6 jackals (D:2)
  12 kobolds
  4 quokkas
  9 ball pythons
  A frilled lizard (D:1)
  8 rats
126 creatures vanquished.

Vanquished Creatures (others)
  10 plants (D:1)
10 creatures vanquished.

Grand Total: 136 creatures vanquished

Table legend:
 A = Non-vault XP
 B = Vault XP
 C = Vault XP percentage of total XP
 D = Non-vault monster count
 E = Vault monster count
 F = Vault count percentage of total count
                 A         B        C        D         E       F
            +---------+---------+-------+---------+---------+-------
      Total |    1428 |     111 |   7.2 |     111 |      15 |  11.9
            +---------+---------+-------+---------+---------+-------
        D:1 |      51 |      23 |  31.1 |      31 |       5 |  13.9
        D:2 |      99 |      88 |  47.1 |      16 |      10 |  38.5
        D:3 |      61 |       0 |   0.0 |      16 |       0 |   0.0
        D:4 |      12 |       0 |   0.0 |       4 |       0 |   0.0
        D:5 |     434 |       0 |   0.0 |      20 |       0 |   0.0
        D:6 |     715 |       0 |   0.0 |      20 |       0 |   0.0
        D:7 |      56 |       0 |   0.0 |       4 |       0 |   0.0
            +---------+---------+-------+---------+---------+-------

Illustrated notes

Table legend:
 A = Kills in this place as a percentage of kills in entire the game.
 B = Kills by you in this place as a percentage of kills by you in the entire game.
 C = Kills by friends in this place as a percentage of kills by friends in the entire game.
 D = Other kills in this place as a percentage of other kills in the entire game.
 E = Experience gained in this place as a percentage of experience gained in the entire game.
 F = Experience gained in this place divided by the number of levels of this place that you have seen.
                   A       B       C       D       E      F
               +-------+-------+-------+-------+-------+----------------------
         Total | 100.0 | 100.0 |   N/A |   N/A | 100.0 | 192.4
       Dungeon | 100.0 | 100.0 |   N/A |   N/A | 100.0 | 219.9
               +-------+-------+-------+-------+-------+----------------------

Table legend: (Time is in decaauts)
 A = Elapsed time spent in this place.
 B = Non-inter-level travel time spent in this place.
 C = Inter-level travel time spent in this place.
 D = Time resting spent in this place.
 E = Time spent auto-exploring this place.
 F = Levels seen in this place.
 G = Mean time per level.
                   A        B        C        D        E       F      G
               +--------+--------+--------+--------+--------+-----+--------+
         Total |   7844 |   7503 |    341 |   2110 |   4606 |   8 |  980.5 |
       Dungeon |   7622 |   7301 |    321 |   2110 |   4406 |   7 | 1088.9 |
        Temple |    221 |    201 |     20 |      0 |    200 |   1 |  221.0 |
               +--------+--------+--------+--------+--------+-----+--------+

Top non-repeatable levels by time:
     D:1: 2029 daAuts
     D:5: 1449 daAuts
     D:3: 1381 daAuts
     D:2: 1255 daAuts
     D:6: 1006 daAuts
     D:7: 263 daAuts
     D:4: 236 daAuts
  Temple: 221 daAuts
